PL
PHOENIX HOTSPUR @ CHICAGO GOLD SOX
09/11/2021
 
TOP OF THE 1ST
Phoenix Hotspur batting - Pitching for Chicago Gold Sox : RHP Raúl Areola
Pitching: RHP Raúl Areola
Batting: SHB Dave Orchard 0-0: Called Strike
0-1: Ball
1-1: Called Strike
1-2: Strikes out swinging
Batting: RHB Terry Armstrong 0-0: Ball
1-0: Swinging Strike
1-1: Foul Ball, location: 2F
1-2: Ball
2-2: Fly out, F7 (Line Drive, 78S)
Batting: LHB Pedro Willis 0-0: Foul Ball, location: 2F
0-1: Swinging Strike
0-2: Ball
1-2: Strikes out looking
Top of the 1st over - 0 run(s), 0 hit(s), 0 error(s), 0 left on base; Phoenix 0 - Chicago 0
BOTTOM OF THE 1ST
Chicago Gold Sox batting - Pitching for Phoenix Hotspur : RHP Pedro Valdéz
Pitching: RHP Pedro Valdéz
Batting: LHB Noel Ballard 0-0: Ground out 6-3 (Groundball, 6)
Batting: LHB Chris Hill 0-0: Ball
1-0: Foul Ball, location: 2F
1-1: Foul Ball, location: 2F
1-2: Strikes out swinging
Batting: RHB Tyrone Scott 0-0: Called Strike
0-1: Ball
1-1: Ball
2-1: Ball
3-1: Base on Balls
Batting: RHB Chris Smith 0-0: Foul Ball, location: 2F
0-1: Foul Ball, location: 2F
0-2: Ball
1-2: Ball
2-2: Fielders Choice at 2nd, U4 (Groundball, 4M)
Bottom of the 1st over - 0 run(s), 0 hit(s), 0 error(s), 1 left on base; Phoenix 0 - Chicago 0
TOP OF THE 2ND
Phoenix Hotspur batting - Pitching for Chicago Gold Sox : RHP Raúl Areola
Batting: RHB Pedro Torrez 0-0: Ball
1-0: Foul Ball, location: 2F
1-1: Ball
2-1: Ball
3-1: Foul Ball, location: 2F
3-2: Strikes out swinging
Batting: LHB Mike Pace 0-0: Ball
1-0: Called Strike
1-1: Ball
2-1: Ball
3-1: Base on Balls
Batting: RHB Pablo León 0-0: Foul Ball, location: 2F
0-1: Fly out, F9 (Flyball, 9S)
Batting: RHB Raúl González 0-0: Ball
1-0: Swinging Strike
1-1: Called Strike
1-2: Ball
2-2: Ball
3-2: Base on Balls
Mike Pace to second
Batting: LHB Ken Norman 0-0: Called Strike
0-1: Swinging Strike
0-2: Strikes out swinging
Top of the 2nd over - 0 run(s), 0 hit(s), 0 error(s), 2 left on base; Phoenix 0 - Chicago 0
BOTTOM OF THE 2ND
Chicago Gold Sox batting - Pitching for Phoenix Hotspur : RHP Pedro Valdéz
Batting: LHB Herman Hayes 0-0: Ball
1-0: Foul Ball, location: 2F
1-1: Foul Ball, location: 2F
1-2: Foul Ball, location: 2F
1-2: Ground out 4-3 (Groundball, 4)
Batting: LHB Do-hyung Nam 0-0: Called Strike
0-1: Foul Ball, location: 2F
0-2: Strikes out looking
Batting: LHB Michael Greene 0-0: Ball
1-0: Ball
2-0: Foul Ball, location: 2F
2-1: Ball
3-1: Base on Balls
Batting: LHB William Wise 0-0: Called Strike
0-1: Ground out 1-3 (Groundball, 15)
Bottom of the 2nd over - 0 run(s), 0 hit(s), 0 error(s), 1 left on base; Phoenix 0 - Chicago 0
TOP OF THE 3RD
Phoenix Hotspur batting - Pitching for Chicago Gold Sox : RHP Raúl Areola
Batting: RHB Juan Aguirre 0-0: Called Strike
0-1: Called Strike
0-2: Strikes out looking
Batting: SHB Dave Orchard 0-0: Ground out 6-3 (Groundball, 6M)
Batting: RHB Terry Armstrong 0-0: Called Strike
0-1: Ball
1-1: Fly out, F7 (Line Drive, 7D)
Top of the 3rd over - 0 run(s), 0 hit(s), 0 error(s), 0 left on base; Phoenix 0 - Chicago 0
BOTTOM OF THE 3RD
Chicago Gold Sox batting - Pitching for Phoenix Hotspur : RHP Pedro Valdéz
Batting: RHB David Edwards 0-0: Ball
1-0: Ball
2-0: Called Strike
2-1: Foul Ball, location: 2F
2-2: DOUBLE (Flyball, 78D)
Batting: LHB Noel Ballard 0-0: Ball
1-0: Called Strike
1-1: Swinging Strike
1-2: Ball
2-2: Ball
3-2: Base on Balls
Batting: LHB Chris Hill 0-0: Ball
1-0: Swinging Strike
1-1: Swinging Strike
1-2: SINGLE (Line Drive, 8RS)
David Edwards to third
Noel Ballard to second
Runner from 3rd tries for Home, SAFE, throw made home
Noel Ballard to third
Chris Hill to second
Batting: RHB Tyrone Scott 0-0: Called Strike
0-1: SINGLE (Groundball, 34D)
Noel Ballard scores
Chris Hill to third
Batting: RHB Chris Smith 0-0: Ball
1-0: Ball
2-0: Ball
3-0: Called Strike
3-1: Foul Ball, location: 2F
3-2: Foul Ball, location: 2F
3-2: Grounds into double play, 5-4-3 (Groundball, 5)
Chris Hill scores
Batting: LHB Herman Hayes 0-0: Ground out 6-3 (Groundball, 6MS)
Bottom of the 3rd over - 3 run(s), 3 hit(s), 0 error(s), 0 left on base; Phoenix 0 - Chicago 3
TOP OF THE 4TH
Phoenix Hotspur batting - Pitching for Chicago Gold Sox : RHP Raúl Areola
Batting: LHB Pedro Willis 0-0: Ball
1-0: Foul Ball, location: 2F
1-1: Swinging Strike
1-2: Ground out 6-3 (Groundball, 6MS)
Batting: RHB Pedro Torrez 0-0: Ball
1-0: SINGLE (Groundball, 56D)
Batting: LHB Mike Pace 0-0: Ball
1-0: SINGLE (Line Drive, 7S)
Pedro Torrez to second
Batting: RHB Pablo León 0-0: Ball
1-0: Ball
2-0: Foul Ball, location: 2F
2-1: Grounds into double play, 1-4-3 (Groundball, 13)
Top of the 4th over - 0 run(s), 2 hit(s), 0 error(s), 1 left on base; Phoenix 0 - Chicago 3
BOTTOM OF THE 4TH
Chicago Gold Sox batting - Pitching for Phoenix Hotspur : RHP Pedro Valdéz
Pitching: LHP Wes Hamm
Batting: LHB Do-hyung Nam 0-0: Ball
1-0: Ball
2-0: Foul Ball, location: 2F
2-1: Ground out 6-3 (Groundball, 6)
Batting: LHB Michael Greene 0-0: Called Strike
0-1: Ball
1-1: Swinging Strike
1-2: Ball
2-2: Foul Ball, location: 2F
2-2: Foul Ball, location: 2F
2-2: SINGLE (Groundball, 3D)
Batting: LHB William Wise 0-0: Called Strike
0-1: Ball
1-1: Called Strike
1-2: Fielders Choice at 2nd, 3-6 (Groundball, 3)
Batting: RHB David Edwards 0-0: Called Strike
William Wise is caught stealing 2nd base
Bottom of the 4th over - 0 run(s), 1 hit(s), 0 error(s), 0 left on base; Phoenix 0 - Chicago 3
TOP OF THE 5TH
Phoenix Hotspur batting - Pitching for Chicago Gold Sox : RHP Raúl Areola
Batting: RHB Raúl González 0-0: Ball
1-0: Ball
2-0: DOUBLE (Line Drive, 7LM)
Batting: LHB Ken Norman 0-0: Ball
1-0: Called Strike
1-1: Ball
2-1: Called Strike
2-2: Hit by Pitch
Batting: RHB Juan Aguirre 0-0: Ball
1-0: Foul Ball, location: 2F
1-1: Ball
2-1: Foul Ball, location: 2F
2-2: Strikes out looking
Batting: SHB Dave Orchard 0-0: Ball
1-0: Foul Ball, location: 2F
1-1: Fly out, F8 (Flyball, 8LS)
Batting: RHB Terry Armstrong 0-0: Ball
1-0: Called Strike
1-1: Swinging Strike
1-2: Ball
2-2: Ball
3-2: Base on Balls
Raúl González to third
Ken Norman to second
Batting: LHB Pedro Willis 0-0: GRAND SLAM HOME RUN (Line Drive, 9LD), Distance : 370 ft
Batting: RHB Pedro Torrez 0-0: Ball
1-0: Ball
2-0: Foul Ball, location: 2F
2-1: Swinging Strike
2-2: Strikes out swinging
Top of the 5th over - 4 run(s), 2 hit(s), 0 error(s), 0 left on base; Phoenix 4 - Chicago 3
BOTTOM OF THE 5TH
Chicago Gold Sox batting - Pitching for Phoenix Hotspur : LHP Wes Hamm
Batting: RHB David Edwards 0-0: Called Strike
0-1: Ball
1-1: Ball
2-1: Foul Ball, location: 2F
2-2: Foul Ball, location: 2F
2-2: Ball
3-2: Fly out, F7 (Flyball, 7D)
Batting: LHB Noel Ballard 0-0: Foul Ball, location: 2F
0-1: Foul Ball, location: 2F
0-2: Fly out, F8 (Flyball, 78M)
Batting: LHB Chris Hill 0-0: Swinging Strike
0-1: Ball
1-1: Ball
2-1: Foul Ball, location: 2F
2-2: Ball
3-2: Foul Ball, location: 2F
3-2: Strikes out swinging
Bottom of the 5th over - 0 run(s), 0 hit(s), 0 error(s), 0 left on base; Phoenix 4 - Chicago 3
TOP OF THE 6TH
Phoenix Hotspur batting - Pitching for Chicago Gold Sox : RHP Raúl Areola
Batting: LHB Mike Pace 0-0: Called Strike
0-1: Hit by Pitch
Batting: RHB Pablo León 0-0: Bunted foul
0-1: Ball
1-1: Bunted foul
1-2: Grounds into double play, 4-6-3 (Groundball, 4)
Batting: RHB Raúl González 0-0: Ball
1-0: Fly out, F9 (Popup, 3D)
Top of the 6th over - 0 run(s), 0 hit(s), 0 error(s), 0 left on base; Phoenix 4 - Chicago 3
BOTTOM OF THE 6TH
Chicago Gold Sox batting - Pitching for Phoenix Hotspur : LHP Wes Hamm
Batting: RHB Tyrone Scott 0-0: Foul Ball, location: 2F
0-1: Ball
1-1: Foul Ball, location: 2F
1-2: Ball
2-2: Strikes out swinging
Batting: RHB Chris Smith 0-0: Foul Ball, location: 2F
0-1: Swinging Strike
0-2: Ball
1-2: Strikes out swinging
Batting: LHB Herman Hayes 0-0: Ball
1-0: Swinging Strike
1-1: Called Strike
1-2: Strikes out swinging
Bottom of the 6th over - 0 run(s), 0 hit(s), 0 error(s), 0 left on base; Phoenix 4 - Chicago 3
TOP OF THE 7TH
Phoenix Hotspur batting - Pitching for Chicago Gold Sox : RHP Raúl Areola
Batting: LHB Ken Norman 0-0: Ball
1-0: Fly out, F7 (Flyball, 78M)
Batting: RHB Juan Aguirre 0-0: Ball
1-0: TRIPLE (Line Drive, 78D)
Batting: SHB Dave Orchard 0-0: Ball
1-0: Ball
2-0: Ball
3-0: Base on Balls
Pitching: LHP Motoyuki Nakamura
Batting: RHB Terry Armstrong 0-0: Ball
1-0: Fly out, F3 (Popup, 3SF)
Pinch Hitting: RHB Chet Nix 0-0: Ball
1-0: Ball
2-0: Foul Ball, location: 2F
2-1: Ball
3-1: Foul Ball, location: 2F
3-2: Base on Balls
Dave Orchard to second
Batting: RHB Pedro Torrez 0-0: Ball
1-0: Called Strike
1-1: Ball
2-1: Foul Ball, location: 2F
2-2: Ball
3-2: Base on Balls
Juan Aguirre scores
Dave Orchard to third
Chet Nix to second
Batting: LHB Mike Pace 0-0: Ball
1-0: Ball
2-0: Called Strike
2-1: Foul Ball, location: 2F
2-2: Ball
3-2: Strikes out swinging
Top of the 7th over - 1 run(s), 1 hit(s), 0 error(s), 3 left on base; Phoenix 5 - Chicago 3
BOTTOM OF THE 7TH
Chicago Gold Sox batting - Pitching for Phoenix Hotspur : LHP Wes Hamm
Now in RF: Casey Bright
Batting: LHB Do-hyung Nam 0-0: Foul Ball, location: 2F
0-1: Foul Ball, location: 2F
0-2: Strikes out swinging
Batting: LHB Michael Greene 0-0: Called Strike
0-1: Foul Ball, location: 2F
0-2: Ball
1-2: Ball
2-2: Foul Ball, location: 2F
2-2: Ground out 4-3 (Groundball, 4)
Batting: LHB William Wise 0-0: Ground out 1-3 (Groundball, 23)
Bottom of the 7th over - 0 run(s), 0 hit(s), 0 error(s), 0 left on base; Phoenix 5 - Chicago 3
TOP OF THE 8TH
Phoenix Hotspur batting - Pitching for Chicago Gold Sox : LHP Motoyuki Nakamura
Batting: RHB Pablo León 0-0: Ball
1-0: Ground out 6-3 (Groundball, 6)
Batting: RHB Raúl González 0-0: Foul Ball, location: 2F
0-1: Ball
1-1: Ball
2-1: Foul Ball, location: 2F
2-2: Ball
3-2: Base on Balls
Batting: LHB Ken Norman 0-0: Ball
1-0: Ball
2-0: Ball
3-0: Base on Balls
Raúl González to second
Pinch Hitting: RHB Paul Campbell 0-0: Ball
1-0: Called Strike
1-1: Fly out, F9 (Flyball, 9S)
Batting: SHB Dave Orchard Balk!
Raúl González to third
Ken Norman to second
0-0: Ball
1-0: Fly out, F4 (Line Drive, 4M)
Top of the 8th over - 0 run(s), 0 hit(s), 0 error(s), 2 left on base; Phoenix 5 - Chicago 3
BOTTOM OF THE 8TH
Chicago Gold Sox batting - Pitching for Phoenix Hotspur : LHP Wes Hamm
Pitching: RHP Miguel Herrera
Now at SS: Paul Campbell
Batting: RHB David Edwards 0-0: Called Strike
0-1: Ball
1-1: Ground out 5-3 (Groundball, 5S)
Batting: LHB Noel Ballard 0-0: Ball
1-0: Swinging Strike
1-1: Foul Ball, location: 2F
1-2: Ball
2-2: Foul Ball, location: 2F
2-2: Foul Ball, location: 2F
2-2: Ball
3-2: Ground out 5-3 (Groundball, 56)
Batting: LHB Chris Hill 0-0: Ball
1-0: Ball
2-0: SOLO HOME RUN (Line Drive, 89XD), Distance : 418 ft
Pitching: RHP Craig Gasnier
Batting: RHB Tyrone Scott 0-0: Ball
1-0: Ball
2-0: Swinging Strike
2-1: Ball
3-1: DOUBLE (Line Drive, 56D)
Batting: RHB Chris Smith 0-0: Called Strike
0-1: Foul Ball, location: 2F
0-2: Strikes out swinging
Bottom of the 8th over - 1 run(s), 2 hit(s), 0 error(s), 1 left on base; Phoenix 5 - Chicago 4
TOP OF THE 9TH
Phoenix Hotspur batting - Pitching for Chicago Gold Sox : LHP Motoyuki Nakamura
Pitching: LHP Juan Júlio
Batting: RHB Terry Armstrong 0-0: Ball
1-0: Called Strike
1-1: Called Strike
1-2: SINGLE (Groundball, 56D)
Pinch Hitting: RHB Juan Banda 0-0: Called Strike
0-1: Ball
1-1: Grounds into double play, 4-6-3 (Groundball, 4)
Batting: RHB Pedro Torrez 0-0: Fly out, F6 (Popup, 56D)
Top of the 9th over - 0 run(s), 1 hit(s), 0 error(s), 0 left on base; Phoenix 5 - Chicago 4
BOTTOM OF THE 9TH
Chicago Gold Sox batting - Pitching for Phoenix Hotspur : RHP Craig Gasnier
Pitching: RHP Cory Sanders
Now at SS: Juan Banda
Batting: LHB Herman Hayes 0-0: Ball
1-0: Called Strike
1-1: Swinging Strike
1-2: Ball
2-2: Foul Ball, location: 2F
2-2: Strikes out swinging
Pinch Hitting: LHB Michael Neely 0-0: Foul Ball, location: 2F
0-1: Ball
1-1: Ball
2-1: Foul Ball, location: 2F
2-2: Fly out, F5 (Popup, 2L)
Batting: LHB Michael Greene 0-0: Ball
1-0: SINGLE (Line Drive, 4)
Batting: LHB William Wise 0-0: Ball
1-0: Ball
2-0: Called Strike
2-1: Foul Ball, location: 2F
2-2: Strikes out swinging
Bottom of the 9th over - 0 run(s), 1 hit(s), 0 error(s), 1 left on base; Phoenix 5 - Chicago 4
This league is powered by Out of the Park Baseball, the baseball management simulation game for PC, Mac and Linux
Friday, January 22nd, 2016 - OOTP Baseball 16.9 Build 39